 Dungeon Crawl Stone Soup version 0.24-a0-201-gf205589 (webtiles) character file.

Game seed: 15901533439609897297

1925 Ivan the Bolt Thrower (level 8, 0/79 HPs)
             Began as a Troll Arcane Marksman on Mar 24, 2019.
             Slain by an orc warrior
             ... wielding a +1 war axe of electrocution
              (14 damage)
             ... on level 6 of the Dungeon.
             The game lasted 00:17:02 (4561 turns).

Ivan the Bolt Thrower (Troll Arcane Marksman)       Turns: 4561, Time: 00:17:03

Health: 0/79       AC:  9    Str: 26    XL:     8   Next: 96%
Magic:  8/8        EV: 11    Int:  9    God:
Gold:   413        SH:  0    Dex: 13    Spells: 8/9 levels left

rFire    . . .     SeeInvis .   a - +0 hand crossbow
rCold    . . .     Gourm    +   (no shield)
rNeg     . . .     Faith    .   e - +0 robe
rPois    .         Spirit   .   t - +2 hat
rElec    .         Reflect  .   q - +0 cloak
rCorr    .         Harm     .   (gloves unavailable)
MR       .....                  (boots unavailable)
Stlth    +.........             v - amulet of the gourmand
HPRegen  0.63/turn              o - +3 ring of dexterity
MPRegen  0.11/turn              (no ring)

@: mighty, flying
A: large, unfitting armour, claws 3, fast metabolism 3, gourmand, regeneration
1, shaggy fur 1, tough skin 3
a: no special abilities


You were on level 6 of the Dungeon.
You were not hungry.

You visited 1 branch of the dungeon, and saw 6 of its levels.
You also visited: Sewer.

You collected 413 gold pieces.

Inventory:

Hand Weapons
 a - a +0 hand crossbow (weapon)
Missiles
 d - 27 bolts (quivered)
Armour
 e - a +0 robe (worn)
 q - a +0 cloak (worn)
 t - a +2 hat (worn)
Jewellery
 o - a +3 ring of dexterity (left claw)
 v - an amulet of the gourmand (around neck)
 w - an uncursed ring of wizardry {unknown}
Wands
 h - a wand of disintegration (15)
 j - a wand of polymorph (8)
 x - a wand of paralysis (8)
Scrolls
 c - 3 scrolls of teleportation
 g - 3 scrolls of identify
 i - 2 scrolls of remove curse
 m - 2 scrolls of enchant armour
 r - 2 scrolls of enchant weapon {unknown}
 s - a scroll of fear
 u - a scroll of magic mapping {unknown}
Potions
 k - 4 potions of curing
 l - a potion of lignification
 n - 5 potions of flight
 p - a potion of heal wounds
Comestibles
 f - 7 rations


   Skills:
 + Level 4.9 Fighting
 + Level 6.4 Crossbows
 + Level 3.2 Dodging
 + Level 0.3 Stealth
 + Level 1.0 Spellcasting
 + Level 2.4 Hexes


You had 8 spell levels left.
You knew the following spells:

 Your Spells              Type           Power        Failure   Level  Hunger
a - Corona                Hex            #......      14%         1    ##.....

Your spell library contained the following spells:

 Spells                   Type           Power        Failure   Level  Hunger
 Slow                     Hex            #.......     22%         2    ###....
 Inner Flame              Hex/Fire       #.......     56%         3    ####...
 Portal Projectile        Hex/Tloc       #.....       56%         3    ####...
 Cause Fear               Hex            #.........   80%         4    #####..
 Leda's Liquefaction      Hex/Erth       #.........   92%         4    #####..


Dungeon Overview and Level Annotations

Branches:
Dungeon (6/15)             Temple (0/1) D:6

Altars:
Makhleb
Uskayaw

Shops:
D:5 %


Innate Abilities, Weirdness & Mutations

You are too large for most types of armour.
You have claws for hands.
Your metabolism is lightning-fast.
You like to eat raw meat.
Your natural rate of healing is unusually fast.
You are covered in fur. (AC +1)
You have extremely tough skin. (AC +3)


Message History

The orc warrior hits you with a +1 war axe of electrocution!
You are too injured to fight recklessly!
You feel very buoyant.
You fly up into the air.
The orc warrior hits you with a +1 war axe of electrocution.
You feel very mighty all of a sudden.
Firing (i - inventory)
d - 29 bolts (quivered)
Press: ? - help, Shift-Dir - straight line, f/p - orc warrior
Aim: an orc warrior, wielding a +1 war axe of electrocution and wearing a +0 plate armour (severely wounded)
You shoot a bolt. The bolt barely misses the orc warrior.
The bolt completely misses the troll.
The bolt barely misses the orc wizard.
The orc warrior hits you with a +1 war axe of electrocution!
* * * LOW HITPOINT WARNING * * *
Firing (i - inventory)
d - 28 bolts (quivered)
Press: ? - help, Shift-Dir - straight line, f/p - orc warrior
Aim: an orc warrior, wielding a +1 war axe of electrocution and wearing a +0 plate armour (severely wounded)
You shoot a bolt. The bolt hits the orc warrior!
The orc warrior is almost dead.
The orc warrior hits you with a +1 war axe of electrocution!
You die...

####### #. #.....#
##...###....o######
.......(...oTo@.>.##
##...###....o###...#
#. #.....# #.#.##
#.....# #.#..#
#...o.#
#.##.######.#
#.....#
#............ .
###o###
####.######.###. .(.
#.# #.#... o.?.. #.#
#.#.#.


You could see a troll, an orc warrior, 2 orc wizards and an orc.

Vanquished Creatures
  Pikel (D:6)
  The ghost of octopodefightclub the Skirmisher, an amateur FoFi (D:4)
  Sigmund (D:6)
  Purgy (Sewer)
  4 slaves (D:6)
  2 ogres (D:5)
  A bullfrog (D:6)
  A bullfrog zombie (D:5)
  3 hounds
  A centaur skeleton (D:4)
  2 orc priests
  2 orc wizards (D:5)
  Jessica (D:2)
  3 iguanas (D:5)
  Natasha (thrice) (D:2)
  2 worker ants
  A hound zombie (D:5)
  2 hound skeletons
  Robin (D:3)
  A howler monkey zombie (D:5)
  7 adders
  2 shadow imps (D:5)
  4 worms
  2 dart slugs
  4 leopard geckos
  16 orcs
  2 ball pythons
  13 bats
  7 giant cockroaches
  14 goblins
  7 hobgoblins
  11 jackals
  3 quokkas
  9 frilled lizards
  5 kobolds
  A quokka zombie (D:5)
  5 rats
146 creatures vanquished.

Notes
Turn   | Place    | Note
-------+----------+-------------------------------------------
     0 | D:1      | Ivan the Troll Arcane Marksman began the quest for the Orb.
     0 | D:1      | Reached XP level 1. HP: 18/18 MP: 1/1
   186 | D:1      | Reached XP level 2. HP: 26/26 MP: 2/2
   659 | D:2      | Noticed Natasha
   664 | D:2      | Killed Natasha
   664 | D:2      | Reached skill level 1 in Fighting
   664 | D:2      | Reached XP level 3. HP: 30/33 MP: 3/3
   717 | D:2      | Reached skill level 2 in Crossbows
   816 | D:2      | Reached XP level 4. HP: 41/41 MP: 4/4
   914 | D:2      | Noticed Jessica
   921 | D:2      | Killed Jessica
   994 | D:2      | Found a burning altar of Makhleb.
   998 | D:2      | Reached XP level 5. HP: 46/48 MP: 5/5
  1036 | D:2      | Noticed Natasha
  1039 | D:2      | Killed Natasha
  1039 | D:2      | Reached skill level 3 in Crossbows
  1179 | D:2      | Noticed Natasha
  1184 | D:2      | Killed Natasha
  1368 | D:3      | Noticed Robin
  1415 | D:3      | Killed Robin
  1682 | D:3      | Reached XP level 6. HP: 54/57 MP: 6/6
  2252 | D:4      | Found a hide-covered altar of Uskayaw.
  2271 | D:4      | Found a transporter.
  2271 | D:4      | Noticed octopodefightclub's ghost (amateur FoFi)
  2276 | D:4      | Found a transporter.
  2712 | D:4      | Found a glowing drain.
  2722 | Sewer    | Entered a sewer
  2747 | Sewer    | Noticed Purgy
  2754 | Sewer    | Killed Purgy
  2754 | Sewer    | Reached skill level 4 in Crossbows
  3250 | D:4      | HP: 2/59 [octopodefightclub's ghost (10)]
  3272 | D:4      | Killed octopodefightclub's ghost
  3272 | D:4      | Reached XP level 7. HP: 28/67 MP: 7/7
  3379 | D:5      | Entered Level 5 of the Dungeon
  3596 | D:5      | Reached skill level 5 in Crossbows
  3778 | D:5      | Reached XP level 8. HP: 47/78 MP: 8/8
  3955 | D:5      | Found Qoffan's Food Boutique.
  4290 | D:6      | Noticed Pikel
  4300 | D:6      | Killed Pikel
  4300 | D:6      | Reached skill level 6 in Crossbows
  4343 | D:6      | Noticed Sigmund
  4380 | D:6      | Killed Sigmund
  4483 | D:6      | Found a staircase to the Ecumenical Temple.
  4539 | D:6      | Noticed a troll
  4561 | D:6      | Slain by an orc warrior

Levels and vault maps discovered:
D:1:      minmay_arrival_hallway, layout_loops_ring
D:2:      layout_basic, makhleb_blood_cavern_becter, uniq_jessica, uniq_natasha
D:3:      layout_loops_ring, uniq_robin
D:4:      cheibrodos_pilgrimage, layout_basic, overflow_temple_1_default,
          gammafunk_ghost_arena, portal_sewer_entry_d, first_ration,
          minmay_checkerbox
D:5:      layout_gridville, serial_shops, shop
D:6:      lemuel_insect_pit, layout_basic, minmay_temple_entry_statues,
          uniq_sigmund, uniq_pikel, uniq_blork_the_orc
Sewer:    sewer_co_purgy_island

Skill      XL: |  1  2  3  4  5  6  7  8 |
---------------+-------------------------+-----
Fighting       | 1 2 3 4 |  4.9
Crossbows      | 2 3 4 5 6 |  6.4
Dodging        | 2 3 |  3.2
Stealth        | |  0.3
Spellcasting   | |  1.0
Hexes          | |  2.4

Action                   |  1- 3 |  4- 6 |  7- 9 || total
-------------------------+-------+-------+-------++-------
Melee: Hand crossbow     |     7 |     1 |    17 ||    25
 Fire: Hand crossbow     |    86 |   232 |   189 ||   507
  Use: Potion            |       |     9 |     2 ||    11
       Scroll            |       |     7 |       ||     7
  Eat: Chunk             |     8 |    10 |    13 ||    31
       Ration            |       |     3 |       ||     3
Armor: Robe              |    72 |   102 |    39 ||   213
       Skin              |       |    46 |    12 ||    58
Dodge: Dodged            |   110 |   118 |    42 ||   270

Table legend:
 A = Non-vault XP
 B = Vault XP
 C = Vault XP percentage of total XP
 D = Non-vault monster count
 E = Vault monster count
 F = Vault count percentage of total count
                 A         B        C        D         E       F
            +---------+---------+-------+---------+---------+-------
      Total |    1171 |    1580 |  57.4 |     106 |      36 |  25.4
            +---------+---------+-------+---------+---------+-------
        D:1 |      34 |       0 |   0.0 |      19 |       0 |   0.0
        D:2 |     164 |     121 |  42.5 |      29 |       8 |  21.6
        D:3 |      59 |      28 |  32.2 |      23 |       7 |  23.3
        D:4 |      68 |     426 |  86.2 |       6 |      12 |  66.7
        D:5 |     692 |       0 |   0.0 |      23 |       0 |   0.0
        D:6 |     154 |     863 |  84.9 |       6 |       2 |  25.0
      Sewer |       0 |     142 | 100.0 |       0 |       7 | 100.0
            +---------+---------+-------+---------+---------+-------
